Map: 新柯尔克辖区 - 锦标赛版 (虚空)

Players

MajOr (SpeCial) - Winner!

  • Race: Terran Terran
  • Spawn Location: 7:00

iAsonu

  • Race: Zerg Zerg
  • Spawn Location: 5:00

Event: WESG 2016 Finals

VOD

Have the link to the VOD?

Description

Time

  • Played on: Jan. 13, 2017, 12:56 a.m.
  • Length: 13:21

All games in this series

Show
View Real Time Build Order
Export as new Build Order

MajOr Terran - Winner!

Build Orders: Reaper Expand, MMM Bio 

Get SALT Encoding   

  12  0:00  SCV  
  13  0:12  SCV  
  14  0:17  Supply Depot  
  14  0:25  SCV  
  15  0:30  Refinery  
  15  0:39  SCV  
  16  0:45  Barracks  
  16  0:51  SCV  
  17  1:03  SCV  
  18  1:15  SCV  
  19  1:32  Orbital Command  
  19  1:33  Reaper  
  20  1:44  Command Center  
  20  1:53  Factory  
  20  1:58  SCV  
  21  2:07  Barracks Reactor  
  21  2:09  Refinery  
  21  2:10  SCV  
  22  2:16  Supply Depot  
  22  2:22  SCV  
  23  2:38  SCV  
  23  2:40  Starport  
  24  2:49  Hellion x2  
  24  2:50  SCV  
  24  2:51  Marine  
  30  2:58  Orbital Command  
  30  3:02  SCV  
  31  3:10  Widow Mine x2  
  35  3:16  SCV  
  36  3:26  SCV  
  36  3:27  Medivac  
  36  3:28  SCV  
  36  3:29  Barracks Tech Lab  
  39  3:36  Supply Depot  
  39  3:38  SCV  
  39  3:40  Hellion  
  39  3:41  SCV  
  43  3:45  Hellion  
  45  3:50  SCV  
  46  3:57  SCV  
  46  3:59  Supply Depot  
  48  4:02  SCV  
  48  4:04  Barracks Tech Lab, Raven  
  51  4:10  SCV  
  51  4:15  SCV  
  52  4:22  SCV  
  52  4:23  Stimpack  
  52  4:24  Marine, Command Center  
  53  4:27  SCV  
  55  4:34  SCV  
  55  4:38  Barracks  
  56  4:41  Barracks, Factory Reactor  
  54  4:46  Marine, SCV x2  
  57  4:56  Engineering Bay  
  57  4:58  SCV x2, Engineering Bay  
  59  5:00  Starport Reactor  
  59  5:04  Marine  
  56  5:10  SCV x2  
  56  5:15  Refinery  
  56  5:16  Barracks  
  56  5:17  Barracks  
  52  5:22  Marine, SCV x2  
  52  5:26  Marine x2  
  55  5:28  Refinery  
  55  5:31  Supply Depot, Factory Reactor  
  55  5:34  SCV x2  
  57  5:37  Orbital Command  
  57  5:40  Marine  
  58  5:43  Marine  
  58  5:44  Marine  
  58  5:45  Terran Infantry Weapons Level 1  
  58  5:47  Terran Infantry Armor Level 1  
  60  5:52  Marine x2  
  60  5:55  SCV  
  63  5:58  Marine  
  63  5:59  Medivac  
  63  6:01  Marine, Medivac  
  69  6:06  SCV, Orbital Command  
  69  6:07  SCV  
  71  6:11  Supply Depot  
  71  6:12  Marine x2, Barracks Reactor  
  71  6:13  Barracks Reactor  
  71  6:18  SCV, Widow Mine  
  74  6:19  SCV, Widow Mine  
  74  6:25  Combat Shields  
  79  6:30  SCV  
  79  6:31  SCV  
  81  6:39  Marine x2  
  81  6:45  Marine x2  
  81  6:46  Widow Mine  
  73  6:47  Marine  
  73  6:48  Widow Mine  
  73  6:49  Medivac x2  
  73  6:53  Marine x4  
  81  6:57  Marine x2  
  83  7:03  Supply Depot  
  83  7:05  Supply Depot  
  83  7:22  Armory  
  83  7:26  Marine, SCV  
  85  7:46  Supply Depot  
  85  7:47  Supply Depot  
  85  7:48  Marine x5  
  85  7:49  SCV x3  
  93  7:53  Supply Depot  
  93  7:55  Supply Depot  
  93  8:05  Marine  
  93  8:08  Marine x3, SCV x3  
  93  8:09  Marine  
  93  8:10  Marine  
  98  8:16  Marine  
  98  8:17  Marine  
  99  8:20  SCV x3  
  99  8:22  Marine  
  99  8:23  Marine  
  100  8:30  Terran Infantry Weapons Level 2, Terran Infantry Armor Level 2  
  100  8:31  Marine x3  
  100  8:32  Marine x2, SCV x3  
  108  8:34  Marine x2  
  108  8:36  Supply Depot  
  108  8:39  Marine  
  108  8:40  Supply Depot  
  114  8:41  Marine, Siege Tank  
  114  8:44  SCV x2  
  117  8:49  Marine  
  117  8:51  SCV  
  117  8:52  Refinery, Marine x3  
  117  8:54  Marine  
  123  8:56  SCV, Terran Vehicle Weapons Level 1  
  123  8:58  SCV  
  123  9:00  Marine x2, Supply Depot  
  127  9:03  SCV  
  127  9:05  Marine  
  127  9:07  Factory  
  127  9:08  SCV  
  130  9:10  SCV  
  130  9:16  Unknown  
  130  9:19  Medivac  
  130  9:20  Unknown x2, Medivac  
  130  9:22  Siege Tank  
  131  9:24  Marine  
  131  9:26  Marine  
  131  9:29  Marine  
  131  9:30  Marine  
  134  9:33  Missile Turret  
  134  9:35  Marine, Marauder  
  134  9:36  Sensor Tower  
  134  9:37  Barracks  
  134  9:40  Barracks  
  134  9:41  Marine x2  
  134  9:44  Marine  
  134  9:45  Marine, Unknown  
  134  9:46  Unknown, SCV  
  134  9:48  SCV x2  
  134  9:52  Medivac x2  
  137  9:54  Siege Tank  
  137  9:55  Marine x3  
  137  9:57  Marauder  
  137  9:59  Marine, Unknown  
  137  10:11  Marine x2  
  137  10:12  Marine x2  
  139  10:16  Marine  
  139  10:18  Marine, Marauder  
  141  10:22  Marine, Medivac x2  
  141  10:24  Marine  
  141  10:26  Siege Tank  
  138  10:29  Marine x2  
  138  10:33  Marine x2  
  138  10:35  Marine, Factory Tech Lab  
  128  10:36  Marine  
  128  10:39  Marine  
  128  10:40  Marine  
  128  10:42  Liberator  
  118  10:43  Marine  
  118  10:44  Marine x2  
  118  10:47  Marine x2  
  119  10:53  Siege Tank  
  119  10:56  Marine  
  119  10:57  Marine  
  120  10:58  Siege Tank  
  126  11:04  Marine  
  126  11:06  Marine  
  126  11:09  Marine  
  126  11:10  Marine  
  127  11:13  Marine  
  127  11:14  Marine x3  
  125  11:18  Bunker  
  125  11:21  Marine  
  125  11:22  Marine  
  125  11:24  Marine  
  125  11:25  Bunker  
  128  11:26  Marine x2, Siege Tank  
  128  11:30  Supply Depot  
  133  11:33  Marine x2  
  133  11:39  Marine x2  
  126  11:41  Concussive Shells  
  126  11:45  Marine x2  
  121  11:48  Siege Tank  
  121  11:49  Marine x2  
  121  11:51  Marine x2  
  128  11:58  Siege Tank  
  128  11:59  Marine  
  130  12:06  Sensor Tower  
  128  12:09  Marine x2  
  128  12:10  Marine x3, Marauder  
  128  12:11  Marine, Barracks Tech Lab  
  128  12:15  Missile Turret  
  136  12:17  Marine x4  
  140  12:23  Supply Depot  
  140  12:24  Supply Depot, Siege Tank  
  140  12:27  Marine x3  
  140  12:28  Marine  
  144  12:30  Command Center  
  144  12:31  Marine x2  
  144  12:34  Marine  
  147  12:38  Marine x2  
  147  12:39  Marauder  
  147  12:41  Marine  
  151  12:48  Marine  
  151  12:53  Marine x3  
  151  12:57  Marine  
Show
View Real Time Build Order
Export as new Build Order

iAsonu Zerg 

Build Orders: Pool First 

Get SALT Encoding   

  12  0:00  Drone  
  13  0:13  Overlord  
  13  0:18  Drone  
  14  0:32  Drone x2  
  16  0:36  Drone  
  17  0:46  Extractor  
  17  0:47  Spawning Pool  
  15  0:51  Drone  
  15  0:56  Drone  
  17  1:08  Drone  
  18  1:20  Hatchery  
  17  1:27  Drone  
  18  1:35  Zergling x2  
  18  1:38  Queen  
  21  1:46  Metabolic Boost  
  21  1:49  Drone  
  22  1:57  Overlord  
  22  2:15  Queen  
  22  2:18  Drone x2  
  26  2:32  Drone  
  26  2:34  Queen  
  26  2:35  Drone  
  29  2:38  Drone  
  30  2:50  Zergling x8  
  34  2:52  Zergling x2  
  35  3:00  Zergling x2  
  35  3:01  Overlord  
  36  3:12  Hatchery  
  35  3:20  Overlord  
  35  3:22  Drone  
  35  3:23  Drone  
  35  3:24  Drone  
  35  3:25  Drone x2  
  39  3:27  Drone  
  39  3:33  Drone x2  
  42  3:38  Queen  
  44  3:43  Drone  
  44  3:45  Drone  
  46  3:49  Drone  
  46  3:51  Drone  
  46  3:53  Drone  
  49  3:56  Drone  
  49  3:59  Overlord  
  50  4:04  Lair  
  50  4:11  Extractor  
  50  4:12  Overlord  
  50  4:15  Drone, Roach Warren  
  49  4:17  Drone x2  
  49  4:18  Drone x2  
  49  4:20  Drone  
  54  4:28  Drone  
  54  4:30  Drone x2  
  54  4:31  Drone  
  58  4:32  Queen  
  60  4:41  Spore Crawler  
  59  4:50  Drone  
  59  4:51  Drone  
  59  4:53  Overlord  
  59  4:59  Drone  
  60  5:06  Drone  
  60  5:07  Roach x3  
  60  5:08  Roach x3  
  60  5:10  Overlord  
  71  5:15  Drone x2  
  71  5:18  Overseer  
  71  5:23  Roach x4  
  79  5:32  Overlord  
  79  5:33  Drone  
  78  5:36  Drone  
  78  5:37  Overseer  
  78  5:38  Roach  
  78  5:40  Extractor  
  80  5:42  Extractor  
  80  5:48  Zergling x6  
  80  5:49  Zergling x4  
  84  5:56  Zergling x2  
  84  5:57  Zergling x4  
  87  6:00  Overlord  
  87  6:09  Evolution Chamber  
  84  6:11  Zergling x8  
  84  6:12  Evolution Chamber, Zergling x4  
  84  6:17  Ravager x2  
  91  6:19  Drone  
  91  6:25  Ravager  
  93  6:27  Drone  
  95  6:32  Drone  
  95  6:35  Drone  
  81  6:51  Drone  
  82  6:56  Drone x3  
  82  6:57  Drone x5  
  90  7:05  Drone  
  91  7:08  Zerg Missile Weapons Level 1  
  91  7:09  Zerg Ground Armor Level 1  
  91  7:10  Drone x2  
  92  7:17  Drone x2, Overlord  
  92  7:19  Glial Reconstitution  
  92  7:21  Extractor  
  92  7:22  Drone  
  93  7:24  Drone  
  93  7:28  Spore Crawler  
  93  7:29  Drone x2  
  95  7:31  Roach  
  95  7:35  Overlord x2, Extractor  
  95  7:36  Overlord x2  
  96  7:39  Overlord  
  96  7:47  Drone, Overlord  
  96  7:50  Overlord  
  97  7:54  Overlord  
  97  7:56  Roach x7  
  111  8:02  Overlord  
  108  8:07  Roach x4  
  100  8:13  Roach x4  
  94  8:20  Roach x2  
  91  8:27  Roach x3  
  91  8:32  Roach x2  
  91  8:33  Overseer  
  101  8:40  Roach x3  
  107  8:48  Ravager x4  
  111  8:54  Ravager, Roach  
  111  8:55  Queen  
  116  9:03  Roach x4  
  124  9:12  Drone x4  
  124  9:13  Drone x2  
  130  9:20  Hatchery  
  125  9:31  Roach x8  
  141  9:40  Roach x5  
  147  9:54  Roach x6  
  147  9:55  Ravager x2  
  161  10:06  Roach x6  
  164  10:16  Roach x3  
  164  10:28  Roach x7  
  130  10:40  Roach  
  130  10:41  Roach x4  
  123  10:49  Roach x3  
  105  11:04  Ravager  
  105  11:05  Ravager x3  
  105  11:06  Ravager  
  105  11:09  Roach  
  105  11:10  Roach x3  
  112  11:17  Ravager x2  
  112  11:18  Ravager  
  113  11:24  Roach x4  
  101  11:40  Roach x5  
  84  11:58  Drone  
  84  11:59  Drone x6  
  89  12:04  Drone  
  91  12:08  Ravager x6  
  91  12:13  Roach x2  
  91  12:14  Drone  
  91  12:15  Queen  
  103  12:27  Roach x3  
  109  12:34  Roach x5  
  113  12:56  Roach x6, Spore Crawler  
Tags
 
Add a new tag
Caveats
  • Supply blocks, unpowered buildings, or Contaminate may cause inaccurate times.
  • Supply counts are checked every 10 seconds.